 Dungeon Crawl Stone Soup version 0.21.1-1-g345015fe64 (webtiles) character file.

25 Bergy the Cudgeler (level 3, 0/23 HPs)
             Began as a Gargoyle Fighter on July 25, 2018.
             Slain by a hobgoblin
             ... wielding a +0 club
              (1 damage)
             ... on level 2 of the Dungeon.
             The game lasted 00:03:08 (790 turns).

Bergy the Cudgeler (Gargoyle Fighter)                Turns: 790, Time: 00:03:08

Health: 0/23       AC: 12    Str: 17 (20) XL:     3   Next: 4%
Magic:  3/3        EV:  4    Int:  6 (8)  God:
Gold:   39         SH:  8    Dex:  6 (9)  Spells: 2/2 levels left

rFire    . . .     SeeInvis .   a - +0 flail
rCold    . . .     Gourm    .   c - +0 shield
rNeg     + . .     Faith    .   e - +0 chain mail
rPois    ∞         Spirit   .   (no helmet)
rElec    +         Reflect  .   (no cloak)
rCorr    .         Harm     .   (no gloves)
MR       .....                  (no boots)
Stlth    ..........             (no amulet)
HPRegen  0.07/turn              (no ring)
MPRegen  0.08/turn              (no ring)

@: no status effects
A: negative energy resistance 1, electricity resistance, unbreathing,
petrification resistance, rot immunity, AC +3
a: no special abilities


You were on level 2 of the Dungeon.
You were not hungry.

You visited 1 branch of the dungeon, and saw 2 of its levels.

You collected 39 gold pieces.

Inventory:

Hand Weapons
 a - a +0 flail (weapon)
Armour
 c - a +0 shield (worn)
 e - a +0 chain mail (worn)
 j - a cursed -2 helmet
Scrolls
 b - a scroll of identify {unknown}
 g - a scroll of immolation {unknown}
 k - a scroll of teleportation {unknown}
Potions
 d - a potion of might
 i - a potion of degeneration
Comestibles
 f - 5 rations
 h - a chunk of flesh


   Skills:
 - Level 3.2 Fighting
 + Level 3.4 Maces & Flails
 - Level 3.2 Armour
 - Level 3.2 Shields


You had 2 spell levels left.
You didn't know any spells.

Dungeon Overview and Level Annotations

Branches:
Dungeon (2/15)

Altars:


Innate Abilities, Weirdness & Mutations

You are resistant to torment.
Your stone body is resilient. (AC +3)
You are immune to poison.
You resist negative energy. (rN+)
You are resistant to electric shocks. (rElec)
You can survive without breathing.
You are immune to petrification.
You are immune to rotting.


Message History

* * * LOW HITPOINT WARNING * * *
The goblin hits you but does no damage.
You closely miss the goblin.
The hobgoblin hits you but does no damage.
The goblin hits you but does no damage. The goblin closely misses you.
The goblin hits you but does no damage. x2; You block the hobgoblin's attack.
You hit the goblin.
The goblin is moderately wounded.
The goblin hits you but does no damage. You block the goblin's attack.
The goblin hits you but does no damage. The goblin barely misses you.
You block the hobgoblin's attack. The goblin hits you but does no damage.
You hit the goblin.
You kill the goblin!
The goblin hits you but does no damage. x2
The hobgoblin hits you but does no damage.
You block the goblin's attack. The goblin barely misses you.
You block the goblin's attack.
You closely miss the goblin. The goblin hits you but does no damage.
The hobgoblin hits you with a club.
You die...

..... #8.....8#
..... #.......#
$...l.#8.....8#
......#.......#
......#8.....8#
...............
......ggg......
#.....g@g#
##.#...........
....?.........#
...............
........###..##
........# ....
.%....... ...
......... ..


You could see a leopard gecko (wandering), a hobgoblin and 4 goblins.

Vanquished Creatures
  A dart slug (D:1)
  A leopard gecko (D:1)
  2 bats (D:1)
  5 goblins
  2 hobgoblins (D:1)
  5 kobolds (D:1)
  A ball python (D:1)
  2 frilled lizards (D:1)
  2 rats
21 creatures vanquished.

Notes
Turn   | Place    | Note
-------+----------+-------------------------------------------
     0 | D:1      | Bergy the Gargoyle Fighter began the quest for the Orb.
     0 | D:1      | Reached XP level 1. HP: 14/14 MP: 1/1
   291 | D:1      | Reached XP level 2. HP: 14/19 MP: 2/2
   784 | D:2      | Reached XP level 3. HP: 7/23 MP: 3/3
   786 | D:2      | HP: 1/23 [goblin (3)]
   790 | D:2      | Slain by a hobgoblin

Skill      XL: |  1  2 |
---------------+-------+-----
Maces & Flails | 3 |  3.4
Fighting       | |  3.2
Armour         | |  3.2
Shields        | |  3.2

Action                   || total
-------------------------++-------
Melee: Flail             ||   106
  Use: Potion            ||     1
Armor: Chain mail        ||    87
       Scale mail        ||     1
Dodge: Dodged            ||    34
Block: Shield            ||    72
